 Dungeon Crawl Stone Soup version 0.30.0-21-gd299b56b3f (webtiles) character file.

Game seed: 1641522481238378110

62568 qw the Severer (level 15, -2/100 HPs)
             Began as a Gargoyle Fighter on June 2, 2023.
             Was a High Priest of Okawaru.
             Slain by a deep elf knight
             ... wielding a +0 long sword
              (15 damage)
             ... on level 13 of the Dungeon.
             The game lasted 00:10:11 (18661 turns).

qw the Severer (Gargoyle Fighter)                  Turns: 18661, Time: 00:10:12

Health: -2/100     AC: 39    Str: 25    XL:     15   Next: 6%
Magic:  22/22      EV: 16    Int:  9    God:    Okawaru [*****.]
Gold:   1142       SH: 12    Dex: 13    Spells: 14/14 levels left

rFire   + . .        z - +0 broad axe
rCold   . . .        c - +0 buckler
rNeg    + . .        e - +0 plate armour
rPois   inf          p - +2 hat
rElec   +            j - +1 cloak
rCorr   .            w - +2 pair of gloves
SInv    .            u - +2 pair of boots
Will    +....        h - amulet of reflection Stlth
                     y - +5 ring of evasion
HPRegen 0.36/turn    n - +4 ring of protection
MPRegen 0.18/turn

%: reflection
@: heroic, flying
A: sickness immunity, AC +11, big wings, negative energy resistance 1,
electricity resistance, torment resistance 1, petrification resistance, beak,
agile 1, deformed body, fire resistance 1, sturdy frame 1
a: Renounce Religion, Heroism, Finesse, Duel


You were on level 13 of the Dungeon.
You worshipped Okawaru.
Okawaru was extremely pleased with you.
You visited 3 branches of the dungeon, and saw 19 of its levels.
You also visited: Sewer.

You collected 1537 gold pieces.
You spent 395 gold pieces at shops.


Innate Abilities, Weirdness & Mutations

You are immune to sickness and miasma.
Your stone body is resilient. (AC +11)
You are immune to poison.
Your large and strong wings let you fly.
You resist negative energy. (rN+)
You are resistant to electric shocks. (rElec)
You are resistant to unholy torment.
You are immune to petrification.
You have a beak for a mouth.
You are agile. (Dex +4, Str/Int -1)
Armour fits poorly on your strangely shaped body.
Your flesh is heat resistant. (rF+)
Your movements are slightly less encumbered by armour. (ER -2)


   Skills:
 - Level 13.8(18.8) Fighting
 - Level 16.0(21.0) Axes
 + Level 4.2(9.2) Throwing
 - Level 11.3(16.3) Armour
 - Level 3.0(8.0) Dodging
 - Level 8.0(13.0) Shields
 - Level 10.0 Invocations


You had 14 spell levels left.
You didn't know any spells.
Your spell library was empty.

Inventory:

Hand Weapons
 t - a +1 morningstar of protection
 z - a +0 broad axe (weapon)
Missiles
 a - 2 silver javelins (quivered)
 m - a boomerang
Armour
 c - a +0 buckler (worn)
 e - a +0 plate armour (worn)
 g - +0 acid dragon scales
 j - a +1 cloak (worn)
 p - a +2 hat (worn)
 s - the +1 chain mail "Oheg" {-Tele rF+ Str+4}
   (Okawaru gifted it to you on level 5 of the Lair of Beasts)

   Str:       It affects your strength (+4).
   rF:        It protects you from fire.
   -Tele:     It prevents most forms of teleportation.
 u - a +2 pair of boots (worn)
 w - a +2 pair of gloves (worn)
Jewellery
 h - an amulet of reflection (around neck)
 n - a +4 ring of protection (right hand)
 q - a ring of fire
 x - a ring of fire
 y - a +5 ring of evasion (left hand)
Scrolls
 v - 10 scrolls of teleportation
 A - 9 scrolls of identify
Potions
 b - 2 potions of cancellation
 d - 3 potions of might
 f - 9 potions of curing
 i - 4 potions of attraction
 k - 3 potions of heal wounds
 l - 2 potions of lignification
 o - 2 potions of haste
 r - 2 potions of magic

Dungeon Overview and Level Annotations

Branches:
Dungeon (14/15)            Temple (1/1) D:4            Lair (5/5) D:8
  Swamp (0/4) Lair:3       Spider (0/4) Lair:2        Slime (0/5) Lair:5
    Orc (0/2) D:10          Sewer (visited)
 Vaults: D:13-14

Altars:
Ashenzari
Cheibriados
Dithmenos
Elyvilon
Fedhas
Gozag
Hepliaklqana
Kikubaaqudgha
Makhleb
Nemelex Xobeh
Okawaru
Qazlal
Ru
Sif Muna
Trog
Uskayaw
Vehumet
Wu Jian
Xom
Yredelemnul
Zin
The Shining One
Jiyva
Lugonu

Shops:
D:3 *   D:10 *   D:14 ?

Portals:
Abyss: Lair:5

Annotations:
D:5 1 runed translucent door, qw's ghost, novice GrFi
D:6 3 runed translucent doors, qw's ghost, novice GrCA
D:7 1 runed translucent door, Crazy Yiuf
D:9 2 transporters, qw's ghost, journeyman GrFi
Lair:1 2 runed translucent doors, qw's ghost, journeyman GrFi


Message History

You miss something.
You hear some strange, mumbled words.
A shard of ice appears from out of thin air!
The shard of ice hits you!!
You closely miss something. Your peck misses something.
Something hits you but does no damage.
You barely miss something. Something barely misses you.
Something blocks your attack. Something hits you but does no damage.
Something blocks your attack. Something barely misses you.
You completely miss something. Something hits you but does no damage.
You hit something.
You hear some strange, mumbled words.
A lance of force appears from out of thin air!
The lance of force misses you. Something blocks your attack.
Something hits you.
You hear some strange, mumbled words.
A shard of ice appears from out of thin air!
The shard of ice hits you but does no damage.
Something blocks your attack. You block something's attack.
You slash something! You block something's attack.
You barely miss something. Your peck misses something.
You hear some strange, mumbled words.
A shard of ice appears from out of thin air!
The shard of ice hits you!!!
You barely miss something. Something hits you but does no damage.
Something blocks your attack. Something hits you! Something blocks your attack.
Something hits you but does no damage.
You slash something! Something hits you!
You die...

##+## #+## #...# ...#
#####...# ...#
...##...# ...#
...###).###+++###{.####
....~~~~~~~...~~@~~~~.#
....~~~~~~~...~~~~~~~.#
.....~~~~~~...~~~~~~.##
>.....~~~~.....~~~~.##
....##.............##
....#####.#..##.##....
....# #.#$..#.# .###
.[..# #.#.#.#.+ .#
....# #...#.#.#


There were no monsters in sight!

Vanquished Creatures
  A vault guard (D:13)
  7 hydras
  A catoblepas (Lair:2)
  2 centaur warriors (D:14)
  A two-headed ogre (D:11)
  7 death yaks
  4 thrashing horrors (Lair:5)
  3 skysharks
  Lodul (D:11)
  2 lindwurms
  A swamp dragon (Lair:3)
  A deep elf pyromancer (D:14)
  An orc knight (D:13)
  A manticore (Lair:4)
  An ugly thing (Lair:5)
  An oklob plant (Lair:4)
  A guardian serpent (shapeshifter) (Lair:5)
  18 elephants
  A smoke demon (Lair:5)
  4 black mambas
  Maurice (D:11)
  10 cane toads
  Psyche (D:9)
  6 komodo dragons
  A yaktaur (D:13)
  8 rime drakes
  An ancient zyme (Lair:5)
  A polar bear (shapeshifter) (Lair:5)
  A hornet (D:11)
  5 polar bears
  A queen bee (shapeshifter) (D:14)
  19 blink frogs
  9 dream sheep
  2 large abominations (Lair:5)
  11 small abominations (Lair:5)
  A vampire (D:10)
  A ynoxinul (Lair:5)
  Sigmund (D:5)
  A spriggan (Lair:5)
  12 wyverns
  16 basilisks
  42 yaks
  Eustachio (D:6)
  A redback (shapeshifter) (D:14)
  2 chaos spawn (Lair:5)
  2 wargs (D:8)
  Duvessa (D:5)
  2 acid dragons
  11 water moccasins
  4 orc warriors
  6 black bears
  A sky beast (D:7)
  6 wolves
  5 centaurs
  8 ogres (D:11)
  A phantom (D:7)
  4 kobold brigands
  11 bullfrogs
  3 scorpions
  12 wights
  Dowan (D:5)
  19 killer bees
  A howler monkey (D:6)
  An electric eel (Lair:1)
  7 orc priests
  4 hounds
  8 orc wizards
  6 iguanas
  5 hell rats (Lair:4)
  10 adders
  2 white imps (D:7)
  4 ufetubi
  2 dart slugs
  33 orcs
  7 endoplasms
  3 giant cockroaches
  A hobgoblin (D:3)
  10 jackals (D:4)
  25 kobolds
  2 quokkas
  15 ball pythons
  7 bats
  5 frilled lizards
  4 goblins
  12 rats
  A fire vortex (Lair:3)
486 creatures vanquished.

Notes
Turn   | Place    | Note
-------+----------+-------------------------------------------
     0 | D:1      | qw the Gargoyle Fighter began the quest for the Orb.
     0 | D:1      | Reached XP level 1. HP: 14/14 MP: 1/1
     0 | D:1      | 0 ||| qw: Version: 0.2-a-102-gdf20003
     0 | D:1      | 0 ||| qw: Game counter: 807
     0 | D:1      | 0 ||| qw: Always use a shield: true
     0 | D:1      | 0 ||| qw: God list: Okawaru
     0 | D:1      | 0 ||| qw: Allow faded altars: false
     0 | D:1      | 0 ||| qw: Do Orc after D:15 true
     0 | D:1      | 0 ||| qw: Do second Lair branch before Depths: true
     0 | D:1      | 0 ||| qw: Lair rune preference: random
     0 | D:1      | 0 ||| qw: Plans: Normal, Zot:1-4, Slime:5, God:TSO, Crypt,
                  | Tomb, Pan, Hells, Abyss, Win
     0 | D:1      | 0 ||| PLANNING D:1-11
   181 | D:1      | Reached skill level 2 in Axes
   402 | D:1      | Reached XP level 2. HP: 19/19 MP: 2/2
   658 | D:1      | 658 ||| Stepping ~*~*~tactically~*~*~ (hiding).
   884 | D:1      | 884 ||| UPGRADING to +0 plate armour.
   894 | D:1      | 894 ||| DROPPING +0 scale mail.
   895 | D:1      | 895 ||| UPGRADING to +0 cloak.
   900 | D:1      | 900 ||| READING scroll labelled WOPYSU XAMUZ.
   901 | D:1      | 901 ||| READING scroll labelled VIRPHE VEPRE.
   902 | D:1      | 902 ||| READING scroll labelled AKLAOD QINO.
  1171 | D:2      | Reached skill level 3 in Axes
  1337 | D:2      | Reached XP level 3. HP: 23/23 MP: 3/3
  1482 | D:2      | 1482 ||| DROPPING +0 club.
  1611 | D:2      | 1611 ||| READING scroll labelled PANUCA XIPLOJAPI.
  1612 | D:2      | 1612 ||| READING scroll labelled KAENACZ REUPAIMUWU.
  1613 | D:2      | 1613 ||| DRINKING 3 inky potions.
  1614 | D:2      | 1614 ||| DRINKING 2 red potions.
  1621 | D:3      | 1621 ||| Stepping ~*~*~tactically~*~*~ (hiding).
  1744 | D:3      | Found an opulent altar of Gozag.
  1746 | D:3      | Found Gozag's Platinum Reserve.
  1758 | D:3      | 1758 ||| SHOPLISTING +0 pair of gloves "Rakkareu" {Fly
                  | rPois rC- Dex-2} (660 gold, have 79).
  1856 | D:3      | Found an ancient bone altar of Kikubaaqudgha.
  1947 | D:3      | Found a bloodstained altar of Trog.
  2301 | D:3      | 2301 ||| READING 2 scrolls labelled SOMOBB LITAEC.
  2302 | D:3      | 2302 ||| READING scroll labelled WOT JULOIRPH.
  2303 | D:3      | 2303 ||| DROPPING scroll of immolation.
  2322 | D:4      | 2322 ||| Stepping ~*~*~tactically~*~*~ (stealth).
  2324 | D:4      | 2324 ||| Stepping ~*~*~tactically~*~*~ (stealth).
  2332 | D:4      | Reached XP level 4. HP: 27/28 MP: 4/4
  2360 | D:4      | Found a hide-covered altar of Uskayaw.
  2424 | D:4      | Found a staircase to the Ecumenical Temple.
  2425 | D:4      | 2425 ||| PLANNING TEMPLE
  2425 | D:4      | 2425 ||| READING 2 scrolls of identify.
  2425 | D:4      | 2425 ||| IDENTIFYING fizzy silvery potion
  2434 | Temple   | Entered the Ecumenical Temple
  2595 | Temple   | 2595 ||| PLANNING OKAWARU WORSHIP
  2802 | Temple   | Became a worshipper of Warmaster Okawaru
  2802 | Temple   | 2802 ||| PLANNING D:1-11
  2873 | D:4      | Reached skill level 4 in Axes
  2982 | D:4      | Noticed a scorpion
  2989 | D:4      | Killed a scorpion
  2990 | D:4      | Reached XP level 5. HP: 25/32 MP: 5/5
  3062 | D:4      | 3062 ||| Stepping ~*~*~tactically~*~*~ (hiding).
  3241 | D:4      | Reached skill level 5 in Axes
  3365 | D:4      | 3365 ||| UPGRADING to ring of willpower.
  3366 | D:4      | 3366 ||| READING scroll labelled ERRACK SAUSE.
  3367 | D:4      | 3367 ||| READING 2 scrolls of identify.
  3367 | D:4      | 3367 ||| IDENTIFYING glowing yellow potion
  3393 | D:5      | Entered Level 5 of the Dungeon
  3394 | D:5      | 3394 ||| PLANNING SEWER
  3481 | D:5      | 3481 ||| Stepping ~*~*~tactically~*~*~ (stealth).
  3492 | D:5      | Found a glowing drain.
  3498 | D:5      | 3498 ||| READING scroll labelled VULERI MAIHE.
  3514 | D:5      | 3514 ||| Stepping ~*~*~tactically~*~*~ (stealth).
  3517 | Sewer    | Entered a sewer
  3545 | Sewer    | Reached XP level 6. HP: 38/38 MP: 6/6
  3784 | Sewer    | Reached * piety under Okawaru
  3785 | Sewer    | Reached skill level 6 in Axes
  3785 | Sewer    | 3785 ||| INVOKING Heroism.
  3788 | Sewer    | Reached XP level 7. HP: 27/43 MP: 4/7
  3854 | Sewer    | 3854 ||| READING scroll labelled ELELLUL DINI.
  3855 | Sewer    | 3855 ||| DRINKING 2 lumpy cyan potions.
  3856 | Sewer    | 3856 ||| DRINKING 2 fizzy dark potions.
  3856 | Sewer    | Gained mutation: Your flesh is heat resistant. (rF+)
                  | [potion of mutation]
  3856 | Sewer    | Gained mutation: You are weak. (Str -2) [potion of
                  | mutation]
  3856 | Sewer    | Gained mutation: Armour fits poorly on your strangely
                  | shaped body. [potion of mutation]
  3856 | Sewer    | Gained mutation: You are agile. (Dex +4, Str/Int -1)
                  | [potion of mutation]
  3857 | Sewer    | 3857 ||| DRINKING potion of mutation.
  3857 | Sewer    | Lost mutation: Your flesh is heat resistant. (rF+) [potion
                  | of mutation]
  3857 | Sewer    | Lost mutation: You are weak. (Str -2) [potion of mutation]
  3857 | Sewer    | Gained mutation: Your flesh is heat resistant. (rF+)
                  | [potion of mutation]
  3857 | Sewer    | Gained mutation: You have a beak for a mouth. [potion of
                  | mutation]
  3857 | Sewer    | Gained mutation: Your movements are slightly less
                  | encumbered by armour. (ER -2) [potion of mutation]
  3862 | D:5      | 3862 ||| PLANNING D:1-11
  4027 | D:5      | Found a basalt altar of Yredelemnul.
  4031 | D:5      | Found a glowing silver altar of Zin.
  4033 | D:5      | Found a broken altar of Ashenzari.
  4047 | D:5      | Reached skill level 1 in Invocations
  4105 | D:5      | 4105 ||| Stepping ~*~*~tactically~*~*~ (hiding).
  4106 | D:5      | 4106 ||| Stepping ~*~*~tactically~*~*~ (hiding).
  4107 | D:5      | 4107 ||| Stepping ~*~*~tactically~*~*~ (hiding).
  4108 | D:5      | 4108 ||| Stepping ~*~*~tactically~*~*~ (hiding).
  4115 | D:5      | 4115 ||| INVOKING Heroism.
  4117 | D:5      | Reached skill level 1 in Dodging
  4190 | D:5      | Reached skill level 3 in Invocations
  4378 | D:5      | Found a runed translucent door.
  4378 | D:5      | Noticed qw's ghost (novice GrFi)
  4569 | D:5      | Noticed Dowan
  4570 | D:5      | 4570 ||| Stepping ~*~*~tactically~*~*~ (hiding).
  4571 | D:5      | 4571 ||| Stepping ~*~*~tactically~*~*~ (hiding).
  4574 | D:5      | 4574 ||| INVOKING Heroism.
  4575 | D:5      | Noticed Duvessa
  4580 | D:5      | Killed Dowan
  4591 | D:5      | Killed Duvessa
  4592 | D:5      | Reached XP level 8. HP: 30/48 MP: 8/10
  4704 | D:5      | 4704 ||| READING scroll of brand weapon.
  4704 | D:5      | 4704 ||| BRANDING +0 war axe of venom.
  4870 | D:5      | Noticed Sigmund
  4898 | D:5      | 4898 ||| INVOKING Heroism.
  4905 | D:5      | Killed Sigmund
  4906 | D:5      | Reached skill level 7 in Axes
  5242 | D:5      | 5242 ||| READING scroll labelled OSUPUFRORIL.
  5284 | D:5      | 5284 ||| READING 2 scrolls of identify.
  5284 | D:5      | 5284 ||| IDENTIFYING brown potion
  5285 | D:5      | 5285 ||| DRINKING potion of experience.
  5285 | D:5      | Reached XP level 9. HP: 68/68 MP: 12/12
  5337 | D:6      | Reached skill level 1 in Throwing
  5392 | D:6      | Found a runed translucent gate.
  5393 | D:6      | Found a runed translucent gate.
  5394 | D:6      | Found a runed translucent gate.
  5420 | D:6      | Noticed Eustachio
  5421 | D:6      | 5421 ||| INVOKING Heroism.
  5436 | D:6      | Killed Eustachio
  5499 | D:6      | 5499 ||| INVOKING Heroism.
  5554 | D:6      | 5554 ||| INVOKING Heroism.
  5765 | D:6      | 5765 ||| Stepping ~*~*~tactically~*~*~ (hiding).
  5766 | D:6      | 5766 ||| Stepping ~*~*~tactically~*~*~ (hiding).
  5767 | D:6      | 5767 ||| Stepping ~*~*~tactically~*~*~ (hiding).
  5768 | D:6      | 5768 ||| Stepping ~*~*~tactically~*~*~ (hiding).
  5833 | D:6      | 5833 ||| INVOKING Heroism.
  5847 | D:6      | Reached skill level 8 in Axes
  5917 | D:6      | Reached ** piety under Okawaru
  5948 | D:6      | 5948 ||| INVOKING Heroism.
  6019 | D:6      | 6019 ||| DROPPING +0 whip.
  6072 | D:6      | Noticed qw's ghost (novice GrCA)
  6087 | D:6      | 6087 ||| Stepping ~*~*~tactically~*~*~ (stealth).
  6361 | D:7      | 6361 ||| Stepping ~*~*~tactically~*~*~ (stealth).
  6369 | D:7      | 6369 ||| INVOKING Heroism.
  6574 | D:7      | 6574 ||| Stepping ~*~*~tactically~*~*~ (hiding).
  6580 | D:7      | Reached XP level 10. HP: 67/74 MP: 13/13
  6783 | D:7      | 6783 ||| FLEEEEING.
  6784 | D:7      | 6784 ||| FLEEEEING.
  6788 | D:7      | 6788 ||| INVOKING Heroism.
  6909 | D:7      | 6909 ||| INVOKING Heroism.
  6936 | D:7      | 6936 ||| FLEEEEING.
  6993 | D:7      | 6993 ||| INVOKING Heroism.
  7102 | D:7      | 7102 ||| DROPPING +0 flail.
  7171 | D:7      | Found a runed translucent door.
  7172 | D:7      | Noticed Crazy Yiuf
  7283 | D:7      | 7283 ||| Stepping ~*~*~tactically~*~*~ (stealth).
  7390 | D:7      | 7390 ||| UPGRADING to +0 pair of boots.
  7395 | D:7      | 7395 ||| UPGRADING to +1 pair of gloves.
  7400 | D:7      | 7400 ||| READING scroll labelled BUINUZ QUAHO.
  7401 | D:7      | 7401 ||| READING scroll labelled PAOTOA DITZ.
  7451 | D:8      | 7451 ||| INVOKING Heroism.
  7452 | D:8      | Found a staircase to the Lair.
  7572 | D:8      | Found a white marble altar of Elyvilon.
  7574 | D:8      | 7574 ||| Stepping ~*~*~tactically~*~*~ (stealth).
  7576 | D:8      | 7576 ||| Stepping ~*~*~tactically~*~*~ (stealth).
  7577 | D:8      | 7577 ||| Stepping ~*~*~tactically~*~*~ (stealth).
  7585 | D:8      | 7585 ||| Stepping ~*~*~tactically~*~*~ (stealth).
  7587 | D:8      | 7587 ||| INVOKING Heroism.
  7596 | D:8      | 7596 ||| Stepping ~*~*~tactically~*~*~ (stealth).
  7608 | D:8      | Reached skill level 6 in Armour
  7618 | D:8      | 7618 ||| INVOKING Heroism.
  7696 | D:8      | 7696 ||| DROPPING +3 flail.
  7741 | D:8      | Found a blossoming altar of Fedhas.
  7853 | D:8      | Reached skill level 9 in Axes
  7859 | D:8      | 7859 ||| INVOKING Heroism.
  7972 | D:8      | 7972 ||| Stepping ~*~*~tactically~*~*~ (hiding).
  7976 | D:8      | 7976 ||| INVOKING Heroism.
  8266 | D:8      | 8266 ||| PLANNING LAIR
  8266 | D:8      | 8266 ||| UPGRADING to +6 ring of dexterity.
  8267 | D:8      | 8267 ||| READING scroll labelled PAWELOL COAGI.
  8379 | Lair:1   | Entered Level 1 of the Lair of Beasts
  8384 | Lair:1   | 8384 ||| Stepping ~*~*~tactically~*~*~ (stealth).
  8399 | Lair:1   | 8399 ||| INVOKING Heroism.
  8584 | Lair:1   | Noticed a skyshark
  8594 | Lair:1   | 8594 ||| INVOKING Heroism.
  8598 | Lair:1   | Killed a skyshark
  8729 | Lair:1   | Noticed a cane toad
  8730 | Lair:1   | 8730 ||| INVOKING Heroism.
  8736 | Lair:1   | Killed a cane toad
  8737 | Lair:1   | Reached XP level 11. HP: 79/79 MP: 11/14
  8795 | Lair:1   | Found a large runed translucent door.
  8795 | Lair:1   | Found a large runed translucent door.
  8799 | Lair:1   | Noticed qw's ghost (journeyman GrFi)
  8878 | Lair:1   | 8878 ||| Stepping ~*~*~tactically~*~*~ (hiding).
  8882 | Lair:1   | 8882 ||| INVOKING Heroism.
  8893 | Lair:1   | Reached skill level 10 in Axes
  9093 | Lair:1   | 9093 ||| INVOKING Heroism.
  9250 | Lair:1   | 9250 ||| INVOKING Heroism.
  9572 | Lair:1   | 9572 ||| UPGRADING to +5 ring of evasion.
  9574 | Lair:1   | 9574 ||| DROPPING ring of willpower.
  9575 | Lair:1   | 9575 ||| READING scroll labelled MEMO CESHRUYVUU.
  9576 | Lair:1   | 9576 ||| READING scroll labelled RURRYV YTZIKLERCH.
  9627 | Lair:1   | 9627 ||| DRINKING 2 fuming white potions.
  9628 | Lair:1   | 9628 ||| DRINKING 4 potions of curing.
  9628 | Lair:1   | 9628 ||| (to cure confusion)
  9629 | Lair:1   | 9629 ||| DRINKING 2 coppery potions.
  9630 | Lair:1   | 9630 ||| READING 2 scrolls of identify.
  9630 | Lair:1   | 9630 ||| IDENTIFYING amethyst potion
  9631 | Lair:1   | 9631 ||| DROPPING potion of ambrosia.
  9632 | Lair:1   | 9632 ||| DROPPING potion of invisibility.
  9652 | Lair:2   | Noticed a skyshark
  9660 | Lair:2   | 9660 ||| STAIRDANCE
  9671 | Lair:1   | 9671 ||| INVOKING Heroism.
  9676 | Lair:1   | Killed a skyshark
  9880 | Lair:2   | 9880 ||| INVOKING Heroism.
  9889 | Lair:2   | Reached *** piety under Okawaru
  9935 | Lair:2   | 9935 ||| INVOKING Heroism.
  9952 | Lair:2   | Noticed a death yak
  9965 | Lair:2   | Killed a death yak
  9967 | Lair:2   | 9967 ||| INVOKING Heroism.
  9975 | Lair:2   | HP: 18/79 [black mamba (8)]
  9976 | Lair:2   | 9976 ||| READING 2 scrolls of teleportation.
  9977 | Lair:2   | 9977 ||| DRINKING 5 potions of heal wounds.
  9978 | Lair:2   | Reached **** piety under Okawaru
 10084 | Lair:2   | 10084 ||| INVOKING Heroism.
 10091 | Lair:2   | Reached skill level 11 in Axes
 10158 | Lair:2   | Found a hole to the Spider Nest.
 10188 | Lair:2   | 10188 ||| INVOKING Heroism.
 10247 | Lair:2   | 10247 ||| INVOKING Heroism.
 10311 | Lair:2   | Reached skill level 3 in Dodging
 10314 | Lair:2   | Reached XP level 12. HP: 69/84 MP: 15/15
 10433 | Lair:2   | 10433 ||| READING scroll of enchant armour.
 10433 | Lair:2   | 10433 ||| ENCHANTING +1 pair of gloves.
 10674 | Lair:2   | Noticed a skyshark
 10675 | Lair:2   | 10675 ||| INVOKING Heroism.
 10676 | Lair:2   | Noticed a catoblepas
 10695 | Lair:2   | Killed a skyshark
 10696 | Lair:2   | Reached skill level 6 in Invocations
 10704 | Lair:2   | HP: 14/84 [catoblepas (19)]
 10705 | Lair:2   | 10705 ||| READING 3 scrolls of teleportation.
 10706 | Lair:2   | 10706 ||| DRINKING 4 potions of heal wounds.
 10937 | Lair:2   | 10937 ||| Stepping ~*~*~tactically~*~*~ (hiding).
 10938 | Lair:2   | 10938 ||| INVOKING Heroism.
 10948 | Lair:2   | HP: 16/84 [catoblepas (21)]
 10949 | Lair:2   | 10949 ||| READING 2 scrolls of teleportation.
 10950 | Lair:2   | 10950 ||| DRINKING 3 potions of heal wounds.
 10953 | Lair:2   | Killed a catoblepas
 10953 | Lair:2   | Received a gift from Okawaru
 11135 | Lair:2   | 11135 ||| INVOKING Heroism.
 11256 | Lair:2   | 11256 ||| INVOKING Heroism.
 11362 | Lair:2   | 11362 ||| UPGRADING to +2 hat.
 11367 | Lair:2   | 11367 ||| DROPPING ring of positive energy.
 11368 | Lair:2   | 11368 ||| READING scroll labelled YWOGOLL ECER.
 11369 | Lair:2   | 11369 ||| READING 4 scrolls of identify.
 11369 | Lair:2   | 11369 ||| IDENTIFYING emerald potion
 11370 | Lair:2   | 11370 ||| READING 3 scrolls of identify.
 11370 | Lair:2   | 11370 ||| IDENTIFYING black potion
 11371 | Lair:2   | 11371 ||| READING 2 scrolls of identify.
 11371 | Lair:2   | 11371 ||| IDENTIFYING grey potion
 11372 | Lair:2   | 11372 ||| DROPPING potion of flight.
 11373 | Lair:2   | 11373 ||| DROPPING potion of brilliance.
 11374 | Lair:2   | 11374 ||| DROPPING potion of degeneration.
 11412 | Lair:3   | 11412 ||| INVOKING Heroism.
 11504 | Lair:3   | Noticed a five-headed hydra
 11505 | Lair:3   | 11505 ||| INVOKING Heroism.
 11511 | Lair:3   | 11511 ||| SWAPPING to +1 morningstar of protection.
 11516 | Lair:3   | Killed a five-headed hydra
 11517 | Lair:3   | Reached skill level 12 in Axes
 11517 | Lair:3   | 11517 ||| SWAPPING to +1 war axe of freezing.
 11557 | Lair:3   | 11557 ||| Stepping ~*~*~tactically~*~*~ (hiding).
 11649 | Lair:3   | 11649 ||| INVOKING Heroism.
 11745 | Lair:3   | Noticed an eight-headed hydra
 11746 | Lair:3   | 11746 ||| INVOKING Heroism.
 11751 | Lair:3   | 11751 ||| SWAPPING to +1 morningstar of protection.
 11756 | Lair:3   | Killed an eight-headed hydra
 11756 | Lair:3   | Received a gift from Okawaru
 11757 | Lair:3   | Reached skill level 9 in Armour
 11757 | Lair:3   | 11757 ||| SWAPPING to +1 war axe of freezing.
 11773 | Lair:3   | 11773 ||| INVOKING Heroism.
 11776 | Lair:3   | Reached skill level 6 in Shields
 11883 | Lair:3   | Found a staircase to the Swamp.
 11898 | Lair:3   | 11898 ||| Stepping ~*~*~tactically~*~*~ (stealth).
 11899 | Lair:3   | 11899 ||| Stepping ~*~*~tactically~*~*~ (stealth).
 11934 | Lair:3   | 11934 ||| Stepping ~*~*~tactically~*~*~ (stealth).
 11935 | Lair:3   | 11935 ||| Stepping ~*~*~tactically~*~*~ (stealth).
 12154 | Lair:3   | 12154 ||| READING scroll of enchant armour.
 12154 | Lair:3   | 12154 ||| ENCHANTING +0 pair of boots.
 12417 | Lair:3   | 12417 ||| UPGRADING to amulet of reflection.
 12422 | Lair:3   | 12422 ||| READING 2 scrolls of identify.
 12422 | Lair:3   | 12422 ||| IDENTIFYING fizzy black potion
 12551 | Lair:4   | Reached ***** piety under Okawaru
 12552 | Lair:4   | Reached XP level 13. HP: 50/89 MP: 18/18
 12552 | Lair:4   | 12552 ||| INVOKING Heroism.
 12688 | Lair:4   | 12688 ||| INVOKING Heroism.
 12853 | Lair:4   | 12853 ||| INVOKING Heroism.
 12909 | Lair:4   | 12909 ||| Stepping ~*~*~tactically~*~*~ (hiding).
 12912 | Lair:4   | 12912 ||| Stepping ~*~*~tactically~*~*~ (hiding).
 13077 | Lair:4   | 13077 ||| INVOKING Heroism.
 13082 | Lair:4   | 13082 ||| SWAPPING to +1 morningstar of protection.
 13088 | Lair:4   | Reached skill level 13 in Axes
 13088 | Lair:4   | 13088 ||| SWAPPING to +1 war axe of freezing.
 13151 | Lair:4   | 13151 ||| INVOKING Heroism.
 13177 | Lair:4   | 13177 ||| INVOKING Heroism.
 13184 | Lair:4   | Reached skill level 9 in Invocations
 13223 | Lair:4   | 13223 ||| INVOKING Heroism.
 13696 | Lair:4   | 13696 ||| UPGRADING to +4 ring of protection.
 13698 | Lair:4   | 13698 ||| DROPPING +6 ring of dexterity.
 13727 | Lair:5   | Entered Level 5 of the Lair of Beasts
 13755 | Lair:5   | 13755 ||| INVOKING Heroism.
 13851 | Lair:5   | 13851 ||| INVOKING Heroism.
 13852 | Lair:5   | 13852 ||| INVOKING Finesse.
 13853 | Lair:5   | 13853 ||| INVOKING Finesse.
 14027 | Lair:5   | Reached skill level 14 in Axes
 14096 | Lair:5   | Identified the +0 scale mail "Vorucef" {rElec Str+2 Dex+3}
 14118 | Lair:5   | 14118 ||| Stepping ~*~*~tactically~*~*~ (stealth).
 14119 | Lair:5   | 14119 ||| Stepping ~*~*~tactically~*~*~ (stealth).
 14120 | Lair:5   | 14120 ||| INVOKING Heroism.
 14121 | Lair:5   | 14121 ||| SWAPPING to +1 morningstar of protection.
 14122 | Lair:5   | 14122 ||| INVOKING Finesse.
 14128 | Lair:5   | 14128 ||| SWAPPING to +1 war axe of freezing.
 14230 | Lair:5   | 14230 ||| INVOKING Heroism.
 14240 | Lair:5   | Received a gift from Okawaru
 14256 | Lair:5   | 14256 ||| INVOKING Finesse.
 14261 | Lair:5   | 14261 ||| SWAPPING to +1 morningstar of protection.
 14266 | Lair:5   | 14266 ||| SWAPPING to +1 war axe of freezing.
 14287 | Lair:5   | Gained mutation: Your large and strong wings let you fly.
                  | [Gargoyle growth]
 14287 | Lair:5   | Reached XP level 14. HP: 95/95 MP: 18/21
 14380 | Lair:5   | 14380 ||| Stepping ~*~*~tactically~*~*~ (stealth).
 14381 | Lair:5   | 14381 ||| Stepping ~*~*~tactically~*~*~ (stealth).
 14520 | Lair:5   | 14520 ||| READING scroll of enchant weapon.
 14520 | Lair:5   | 14520 ||| ENCHANTING +1 war axe of freezing.
 14577 | Lair:5   | Identified the +1 chain mail "Oheg" {-Tele rF+ Str+4}
                  | (Okawaru gifted it to you on level 5 of the Lair of Beasts)
 14577 | Lair:5   | Received a gift from Okawaru
 14706 | Lair:5   | 14706 ||| FLEEEEING.
 14778 | Lair:5   | 14778 ||| Stepping ~*~*~tactically~*~*~ (stealth).
 14798 | Lair:5   | 14798 ||| Stepping ~*~*~tactically~*~*~ (hiding).
 14809 | Lair:5   | Reached skill level 15 in Axes
 14860 | Lair:5   | 14860 ||| Stepping ~*~*~tactically~*~*~ (stealth).
 14861 | Lair:5   | 14861 ||| Stepping ~*~*~tactically~*~*~ (stealth).
 14866 | Lair:5   | 14866 ||| INVOKING Heroism.
 14867 | Lair:5   | 14867 ||| INVOKING Finesse.
 14868 | Lair:5   | 14868 ||| SWAPPING to +1 morningstar of protection.
 14877 | Lair:5   | 14877 ||| SWAPPING to +2 war axe of freezing.
 14939 | Lair:5   | 14939 ||| Stepping ~*~*~tactically~*~*~ (stealth).
 14940 | Lair:5   | 14940 ||| Stepping ~*~*~tactically~*~*~ (stealth).
 15026 | Lair:5   | 15026 ||| Stepping ~*~*~tactically~*~*~ (hiding).
 15143 | Lair:5   | 15143 ||| Stepping ~*~*~tactically~*~*~ (stealth).
 15163 | Lair:5   | 15163 ||| Stepping ~*~*~tactically~*~*~ (stealth).
 15212 | Lair:5   | 15212 ||| Stepping ~*~*~tactically~*~*~ (stealth).
 15228 | Lair:5   | 15228 ||| Stepping ~*~*~tactically~*~*~ (stealth).
 15233 | Lair:5   | 15233 ||| Stepping ~*~*~tactically~*~*~ (stealth).
 15249 | Lair:5   | 15249 ||| Stepping ~*~*~tactically~*~*~ (stealth).
 15311 | Lair:5   | 15311 ||| Stepping ~*~*~tactically~*~*~ (stealth).
 15350 | Lair:5   | 15350 ||| INVOKING Heroism.
 15357 | Lair:5   | 15357 ||| INVOKING Finesse.
 15358 | Lair:5   | 15358 ||| SWAPPING to +1 morningstar of protection.
 15372 | Lair:5   | 15372 ||| SWAPPING to +2 war axe of freezing.
 15501 | Lair:5   | Found a corrupted altar of Lugonu.
 15501 | Lair:5   | Found a one-way gate to the infinite horrors of the Abyss.
 15591 | Lair:5   | 15591 ||| SWAPPING to +0 broad axe.
 15592 | Lair:5   | 15592 ||| DROPPING +2 war axe of freezing.
 15800 | Lair:5   | Found a viscous altar of Jiyva.
 15800 | Lair:5   | Found a staircase to the Slime Pits.
 15890 | Lair:5   | 15890 ||| PLANNING D:1-11
 15890 | Lair:5   | 15890 ||| DROPPING amulet of guardian spirit.
 15975 | D:9      | Noticed Psyche
 15977 | D:9      | 15977 ||| Stepping ~*~*~tactically~*~*~ (stealth).
 16001 | D:9      | Killed Psyche
 16160 | D:9      | 16160 ||| FLEEEEING.
 16165 | D:9      | 16165 ||| FLEEEEING.
 16166 | D:9      | 16166 ||| FLEEEEING.
 16167 | D:9      | 16167 ||| FLEEEEING.
 16168 | D:9      | 16168 ||| FLEEEEING.
 16169 | D:9      | 16169 ||| FLEEEEING.
 16170 | D:9      | 16170 ||| FLEEEEING.
 16171 | D:9      | 16171 ||| FLEEEEING.
 16172 | D:9      | 16172 ||| FLEEEEING.
 16173 | D:9      | 16173 ||| FLEEEEING.
 16174 | D:9      | 16174 ||| FLEEEEING.
 16175 | D:9      | 16175 ||| FLEEEEING.
 16176 | D:9      | 16176 ||| FLEEEEING.
 16360 | D:9      | Found a transporter.
 16362 | D:9      | Identified the +9 dire flail "Lajag" {venom, Drain rCorr
                  | Str+4 Stlth+}
 16362 | D:9      | Identified the +10 giant spiked club of Expedience {pain,
                  | rPois Int+3 Stlth+}
 16362 | D:9      | Noticed qw's ghost (journeyman GrFi)
 16426 | D:9      | 16426 ||| Stepping ~*~*~tactically~*~*~ (stealth).
 16431 | D:9      | 16431 ||| Stepping ~*~*~tactically~*~*~ (hiding).
 16563 | D:9      | Found a transporter.
 16894 | D:10     | Entered Level 10 of the Dungeon
 17029 | D:10     | Found Seisicw Zoll's General Store.
 17044 | D:10     | 17044 ||| Stepping ~*~*~tactically~*~*~ (hiding).
 17052 | D:10     | Reached skill level 16 in Axes
 17090 | D:10     | 17090 ||| BUYING potion of curing (45 gold).
 17090 | D:10     | Bought a potion of curing for 45 gold pieces
 17090 | D:10     | 17090 ||| BUYING scroll of teleportation (45 gold).
 17090 | D:10     | Bought a scroll of teleportation for 45 gold pieces
 17090 | D:10     | 17090 ||| BUYING scroll of teleportation (45 gold).
 17090 | D:10     | Bought a scroll of teleportation for 45 gold pieces
 17359 | D:10     | Found a hazy altar of Hepliaklqana.
 17452 | D:10     | Received a gift from Okawaru
 17617 | D:10     | Found a staircase to the Orcish Mines.
 18002 | D:11     | Noticed Maurice
 18008 | D:11     | 18008 ||| Stepping ~*~*~tactically~*~*~ (hiding).
 18026 | D:11     | 18026 ||| INVOKING Heroism.
 18029 | D:11     | Killed Maurice
 18052 | D:11     | Noticed Lodul
 18053 | D:11     | 18053 ||| Stepping ~*~*~tactically~*~*~ (hiding).
 18054 | D:11     | 18054 ||| Stepping ~*~*~tactically~*~*~ (hiding).
 18056 | D:11     | 18056 ||| Stepping ~*~*~tactically~*~*~ (hiding).
 18058 | D:11     | 18058 ||| Stepping ~*~*~tactically~*~*~ (hiding).
 18059 | D:11     | 18059 ||| Stepping ~*~*~tactically~*~*~ (hiding).
 18069 | D:11     | Killed Lodul
 18069 | D:11     | Received a gift from Okawaru
 18072 | D:11     | 18072 ||| INVOKING Heroism.
 18205 | D:11     | You are sucked into a shaft and drop 3 floors!
 18205 | D:14     | Found Toni's Magic Scroll Emporium.
 18209 | D:14     | 18209 ||| BUYING 2 scrolls of identify (40 gold).
 18209 | D:14     | Bought 2 scrolls of identify for 40 gold pieces
 18209 | D:14     | 18209 ||| BUYING scroll of enchant armour (75 gold).
 18209 | D:14     | Bought a scroll of enchant armour for 75 gold pieces
 18209 | D:14     | 18209 ||| BUYING scroll of enchant armour (75 gold).
 18209 | D:14     | Bought a scroll of enchant armour for 75 gold pieces
 18209 | D:14     | 18209 ||| BUYING scroll of identify (20 gold).
 18209 | D:14     | Bought a scroll of identify for 20 gold pieces
 18209 | D:14     | 18209 ||| BUYING scroll of identify (20 gold).
 18209 | D:14     | Bought a scroll of identify for 20 gold pieces
 18209 | D:14     | 18209 ||| BUYING scroll of teleportation (30 gold).
 18209 | D:14     | Bought a scroll of teleportation for 30 gold pieces
 18209 | D:14     | 18209 ||| READING 2 scrolls of enchant armour.
 18209 | D:14     | 18209 ||| ENCHANTING +1 pair of boots.
 18210 | D:14     | 18210 ||| READING scroll of enchant armour.
 18210 | D:14     | 18210 ||| ENCHANTING +0 cloak.
 18213 | D:14     | 18213 ||| Stepping ~*~*~tactically~*~*~ (hiding).
 18214 | D:14     | 18214 ||| Stepping ~*~*~tactically~*~*~ (hiding).
 18227 | D:14     | 18227 ||| INVOKING Heroism.
 18235 | D:14     | Reached skill level 3 in Throwing
 18241 | D:14     | 18241 ||| Stepping ~*~*~tactically~*~*~ (stealth).
 18390 | D:14     | Reached XP level 15. HP: 98/100 MP: 22/22
 18576 | D:13     | 18576 ||| Invisibility monster not found???
 18628 | D:13     | 18628 ||| INVOKING Heroism.
 18657 | D:13     | HP: 19/100 [something/shard of ice (40)]
 18661 | D:13     | Slain by a deep elf knight

Levels and vault maps discovered:
D:1:      dpeg_arrival_short_road, layout_loops_corners
D:2:      layout_loops_cross
D:3:      layout_loops_ring, general_overflow_altar,
          mainiacjoe_overflow_24_doors, nicolae_gozag_zags_fifth_avenue
D:4:      layout_cave_pools, nicolae_uskayaw_murder_on_the_dancefloor,
          minmay_temple_entry_water_ring
D:5:      layout_layer_cave, grunt_temple_overflow_open, portal_sewer_entry_b,
          gammafunk_ghost_grave, uniq_sigmund, uniq_duvessa
D:6:      layout_gridville, gammafunk_ghost_icy, uniq_eustachio
D:7:      layout_loops_ring, uniq_crazy_yiuf_cottage
D:8:      layout_rooms, fedhas_altar_3, mainiacjoe_overflow_catwalk,
          erik_lair_orcish_takeover, grunt_decor_arrowhead,
          corexii_leaking_fountain
D:9:      layout_cave_pods, gammafunk_ghost_smash, uniq_psyche
D:10:     layout_basic, worldfamousw_hep_ancestral_shrine, orc_0_dummy,
          serial_shops, shop, minmay_protected_statue
D:11:     layout_irregular_city, uniq_maurice, uniq_lodul, uniq_gastronok
D:13:     layout_roguey, grunt_vaults_entry_fortified, enter_trove_0,
          serial_bayou_lake_a
D:14:     layout_loops_ring, serial_shops, shop, cheibrodos_worm_habitat
Temple:   minmay_temple_forest_path
Lair:1:   layout_long_grid, ebering_ghost_disaster_area,
          chequers_serial_rivers_micro_b, amcnicky_mini_pool_medium
Lair:2:   nzn_winding_woodlands_stair_cross
          [nzn_winding_woodlands_5x15_longhouse,
          nzn_winding_woodlands_center_diamonds,
          nzn_winding_woodlands_5x15_cabin, nzn_winding_woodlands_5x5_perimeter,
          nzn_winding_woodlands_5x5_default,
          nzn_winding_woodlands_5x15_pathside_ponds,
          nzn_winding_woodlands_center_triple_pond,
          nzn_winding_woodlands_5x15_sidewinder], layout_long_grid,
          dummy_spider_entry
Lair:3:   layout_gridlike, minmay_swamp_entry_reptiles,
          infiniplex_staircase_pool
Lair:4:   layout_long_grid, special_room [special_room_mythical_zoo],
          dpeg_oklob_1
Lair:5:   hellmonk_lair_end_abyssal_woods, layout_concentric_octagons,
          dpeg_slime_entry_enclosed, lemuel_fruit_tree

Skill      XL: |  1  2  3  4  5  6  7  8  9 10 11 12 13 14 15 |
---------------+----------------------------------------------+-----
Axes           | 2 3 4 5 6 7 8 9 11 12 14 16 | 16.0
Fighting       | 4 13 | 13.8
Armour         | 4 5 6 8 9 10 11 | 11.3
Invocations    | 3 4 5 7 10 | 10.0
Dodging        | 1 2 3 |  3.0
Throwing       | 1 3 4 |  4.2
Shields        | 4 5 6 7 8 |  8.0

Action                     |  1- 3 |  4- 6 |  7- 9 | 10-12 | 13-15 || total
---------------------------+-------+-------+-------+-------+-------++-------
  Melee: War axe           |   113 |   147 |   163 |   443 |   524 ||  1390
         Peck              |       |       |    37 |   102 |   191 ||   330
         Morningstar       |       |       |       |    10 |    35 ||    45
         Broad axe         |       |       |       |       |   261 ||   261
  Throw: Boomerang         |     7 |    44 |    34 |   104 |    11 ||   200
         Javelin           |       |       |       |       |     1 ||     1
 Invoke: Heroism           |       |     1 |     9 |    30 |    17 ||    57
         Finesse           |       |       |       |       |     5 ||     5
    Use: Scroll            |     7 |     4 |     4 |    16 |     3 ||    34
         Potion            |     2 |       |     4 |     6 |       ||    12
   Stab: Confused          |       |       |       |       |     1 ||     1
 Armour: Scale mail        |    14 |       |       |       |       ||    14
         Plate armour      |    71 |   152 |    89 |   241 |   278 ||   831
  Dodge: Dodged            |    40 |    40 |    51 |   257 |   325 ||   713
  Block: Buckler           |    14 |    34 |    39 |   157 |   372 ||   616
         Reflection        |       |       |       |     1 |    17 ||    18

Table legend:
 A = Non-vault XP
 B = Vault XP
 C = Vault XP percentage of total XP
 D = Non-vault monster count
 E = Vault monster count
 F = Vault count percentage of total count
                 A         B        C        D         E       F
            +---------+---------+-------+---------+---------+-------
      Total |   56667 |   31247 |  35.5 |     333 |     152 |  31.3
            +---------+---------+-------+---------+---------+-------
        D:1 |      20 |       0 |   0.0 |      14 |       0 |   0.0
        D:2 |      28 |       0 |   0.0 |      10 |       0 |   0.0
        D:3 |      28 |       0 |   0.0 |      11 |       0 |   0.0
        D:4 |     171 |       0 |   0.0 |      26 |       0 |   0.0
        D:5 |     479 |     460 |  49.0 |      16 |      11 |  40.7
        D:6 |    1259 |     188 |  13.0 |      26 |       1 |   3.7
        D:7 |    1147 |       0 |   0.0 |      23 |       0 |   0.0
        D:8 |    1134 |     633 |  35.8 |      15 |       9 |  37.5
        D:9 |    2193 |     383 |  14.9 |      27 |       1 |   3.6
       D:10 |    2723 |       0 |   0.0 |      25 |       0 |   0.0
       D:11 |    1737 |    1898 |  52.2 |      11 |      10 |  47.6
       D:13 |       0 |    1810 | 100.0 |       0 |       3 | 100.0
       D:14 |    2706 |       0 |   0.0 |       5 |       0 |   0.0
     Lair:1 |    4102 |     680 |  14.2 |      15 |       2 |  11.8
     Lair:2 |    4993 |    6066 |  54.9 |      24 |      16 |  40.0
     Lair:3 |    5989 |    1015 |  14.5 |      18 |       4 |  18.2
     Lair:4 |    5681 |    5938 |  51.1 |      12 |      26 |  68.4
     Lair:5 |   22277 |   11843 |  34.7 |      55 |      41 |  42.7
      Sewer |       0 |     333 | 100.0 |       0 |      28 | 100.0
            +---------+---------+-------+---------+---------+-------
